 Dungeon Crawl Stone Soup version 0.23-a0-899-gbbae0a3 (webtiles) character file.

Game seed: 18041475054002725514

18524 Lanoc the Cleaver (level 12, -4/97 HPs)
             Began as a Demonspawn Chaos Knight on Jan 30, 2019.
             Was the Champion of Dithmenos.
             Killed from afar by an efreet (26 damage)
             ... with a fireball
             ... on level 12 of the Dungeon.
             The game lasted 00:29:12 (12597 turns).

Lanoc the Cleaver (Demonspawn Chaos Knight)        Turns: 12597, Time: 00:29:13

Health: -4/97      AC: 22    Str: 14    XL:     12   Next: 28%
Magic:  0/12       EV:  7    Int: 15    God:    Dithmenos [******]
Gold:   789        SH:  0    Dex: 13    Spells: 11/11 levels left

rFire    . . .     SeeInvis .   a - +0 hand axe (chaos)
rCold    . . .     Gourm    .   (no shield)
rNeg     + . .     Faith    .   K - +3 plate armour
rPois    .         Spirit   +   (no helmet)
rElec    +         Reflect  .   v - scarf {Spirit}
rCorr    .         Harm     .   x - +0 pair of gloves
MR       .....                  (no boots)
Stlth    ..........             g - amulet of the acrobat
HPRegen  0.26/turn              m - ring of flight
MPRegen  0.13/turn              q - ring of positive energy

@: wreathed by umbra
A: claws 2, thin metallic scales 3, spiny 1, weak 1
a: Shadow Step, Shadow Form, Renounce Religion, Evoke Flight


You were on level 12 of the Dungeon.
You worshipped Dithmenos.
Dithmenos was exalted by your worship.
You were hungry.

You visited 2 branches of the dungeon, and saw 13 of its levels.
You also visited: Sewer.

You collected 789 gold pieces.

Inventory:

Hand Weapons
 a - a +0 hand axe of chaos (weapon)
 s - a +3 hand axe of flaming
 A - the +9 shortbow "Teutal" {flame, +Blink rF+ Str-2 SInv}
   (You found it on level 7 of the Dungeon)

   It causes projectiles fired from it to burn those they strike, causing extra
   injury to most foes and up to half again as much damage against particularly
   susceptible opponents.
   It affects your strength (-2).
   It protects you from fire.
   It lets you see invisible.
   It lets you blink.
Missiles
 e - 195 arrows
Armour
 v - a scarf of spirit shield (worn)
 x - a +0 pair of gloves (worn)
 K - a +3 plate armour (worn)
Jewellery
 g - an amulet of the acrobat (around neck)
 m - a ring of flight (left hand)
 q - a ring of positive energy (right hand)
Wands
 h - a wand of flame (30)
 t - a wand of random effects (11)
 y - a wand of polymorph (24)
 z - a wand of paralysis (10)
 D - a wand of iceblast (8)
 F - a wand of acid (6)
 G - a wand of scattershot (8)
Scrolls
 b - a scroll of blinking
 i - 5 scrolls of enchant armour
 j - 10 scrolls of teleportation
 l - 4 scrolls of remove curse
 o - a scroll of amnesia
 r - 2 scrolls of magic mapping
 u - 2 scrolls of fear
 w - 2 scrolls of fog
 B - 3 scrolls of immolation
 C - 2 scrolls of enchant weapon
 E - a scroll of summoning {unknown}
 J - a scroll of holy word {unknown}
Potions
 d - 3 potions of flight
 f - 6 potions of curing
 k - a potion of heal wounds
 n - 2 potions of brilliance
 p - 3 potions of magic
 H - a potion of lignification
 I - 2 potions of resistance
Comestibles
 c - 27 rations
 L - 4 chunks of flesh


   Skills:
 + Level 9.7 Fighting
 * Level 12.0 Axes
 + Level 8.7 Armour
 + Level 8.5 Dodging


You had 11 spell levels left.
You didn't know any spells.
Your spell library contained the following spells:

 Spells                   Type           Power        Failure   Level  Hunger
 Confusing Touch          Hex            #.....       100%        1    ##.....
 Shock                    Conj/Air       #...         100%        1    ##.....
 Swiftness                Chrm/Air       #.......     100%        2    ###....
 Confuse                  Hex            #.......     100%        3    ####...
 Gell's Gravitas          Tloc           #.........   100%        3    ####...
 Static Discharge         Conj/Air       #.......     100%        3    ####...
 Airstrike                Air            #.........   100%        4    #####..
 Petrify                  Tmut/Erth      #.......     100%        4    #####..
 Lightning Bolt           Conj/Air       #.........   100%        5    ######.
 Metabolic Englaciation   Hex/Ice        #.........   100%        5    ######.
 Yara's Violent Unravell  Hex/Tmut       #.........   100%        5    ######.


Dungeon Overview and Level Annotations

Branches:
Dungeon (12/15)            Temple (1/1) D:5            Lair (0/6) D:8
    Orc: D:9-12

Altars:
Cheibriados
Dithmenos
Elyvilon
Fedhas
Gozag
Hepliaklqana
Kikubaaqudgha
Makhleb
Nemelex Xobeh
Okawaru
Vehumet
Xom
Yredelemnul
Zin
The Shining One
Beogh

Annotations:
D:6 3 runed translucent doors, Killmatronix's ghost, novice DsFi; Killmatronix's ghost, novice OgHu; melvinkitnick's ghost, novice GrEE


Innate Abilities, Weirdness & Mutations

You have very sharp fingernails.
You are completely covered in thin metallic scales. (AC +4, rElec)
You are partially covered in sharp spines.
You are weak. (Str -2)


Message History

You catch a glimpse of the back of your own head.
The efreet is almost dead.
The efreet gestures at you. The bolt of fire hits you!!
You emit a cloud of dark smoke.
Your ufetubus hits the efreet but does no damage.
Your ufetubus barely misses the efreet.
Your plate armour prevents you from hitting the efreet.
The efreet is almost dead.
Your shadow hits the efreet with a hand axe.
The efreet gestures at you. The bolt of fire hits you!!
* * * LOW HITPOINT WARNING * * *
You emit a cloud of dark smoke.
Your ufetubus barely misses the efreet.
Your ufetubus hits the efreet. You hit the efreet but do no damage.
The efreet is almost dead.
Your shadow hits the efreet but does no damage.
The efreet gestures at you.
The fireball explodes!
The fireball engulfs you!!
You die...

##############
%.....R@§§...#
$#.#.5#§#§.#.#
#. #§#..#.## #
#.#5§#..#
#.####.####..#
..............#
##............#
#............#
#...#......#.#


You could see an efreet and a friendly ufetubus.

Vanquished Creatures
  A hydra (D:11)
  Erica (D:8)
  A centaur warrior (D:12)
  A tengu warrior (D:10)
  A two-headed ogre (D:9)
  Nergalle (D:11)
  2 unseen horrors (D:11)
  Pikel (D:9)
  2 ugly things
  Maurice (D:10)
  A tengu conjurer (D:10)
  A troll (shapeshifter) (D:5)
  3 hornets (D:8)
  3 trolls
  3 hippogriffs
  22 yaks
  2 wyverns (D:9)
  Grum (D:8)
  A hungry ghost (D:10)
  A soldier ant (D:8)
  A water moccasin (D:12)
  5 orc warriors
  2 sky beasts
  5 ice beasts
  A slave (D:9)
  A hornet zombie (D:9)
  6 ogres
  7 centaurs
  4 phantoms
  4 wolves (D:8)
  3 big kobolds
  8 bullfrogs
  A wyvern zombie (D:9)
  A wyvern skeleton (D:6)
  2 scorpions
  5 killer bees (D:10)
  A howler monkey (D:5)
  9 crimson imps
  A bullfrog zombie (D:7)
  A centaur zombie (D:9)
  4 hounds
  3 jellies
  A quasit (D:7)
  A gnoll shaman (D:7)
  6 orc priests
  4 bullfrog skeletons
  4 iguanas
  15 orc wizards
  5 worker ants
  2 killer bee zombies
  A hound skeleton (D:5)
  A howler monkey zombie (D:10)
  18 adders
  9 gnolls
  4 river rats (Sewer)
  A shadow imp (D:10)
  3 oozes (Sewer)
  An adder zombie (D:9)
  2 adder skeletons
  6 worms
  3 dart slugs
  4 leopard geckos
  62 orcs
  4 ball pythons
  3 giant cockroaches
  4 goblins
  6 hobgoblins
  19 jackals
  7 quokkas
  7 bats
  7 frilled lizards
  25 kobolds
  A quokka skeleton (D:7)
  A quokka zombie (D:7)
  9 rats
371 creatures vanquished.

Vanquished Creatures (collateral kills)
  An orc wizard (D:3)
  An adder (D:3)
2 creatures vanquished.

Vanquished Creatures (others)
  3 slaves (D:9)
  An adder (D:12)
  3 orcs (D:9)
  A jackal (D:9)
  A fire vortex (D:5)
  A withered plant (D:6)
10 creatures vanquished.

Grand Total: 383 creatures vanquished

Notes
Turn   | Place    | Note
-------+----------+-------------------------------------------
     0 | D:1      | Lanoc the Demonspawn Chaos Knight began the quest for the
                  | Orb.
     0 | D:1      | Reached XP level 1. HP: 18/18 MP: 1/1
    11 | D:1      | Reached skill level 1 in Dodging
    21 | D:1      | XOM: harmless Necr miscast
    59 | D:1      | Gained mutation: You are partially covered in sharp spines.
                  | [demonic ancestry]
    59 | D:1      | Reached XP level 2. HP: 20/24 MP: 2/2
   164 | D:1      | XOM: silly message
   488 | D:1      | XOM: harmless Pois miscast
   853 | D:2      | Reached skill level 3 in Axes
   853 | D:2      | Gained mutation: You are partially covered in thin metallic
                  | scales. (AC +2) [demonic ancestry]
   853 | D:2      | Reached XP level 3. HP: 29/29 MP: 3/3
   959 | D:2      | XOM: scenery: create altars
  1553 | D:3      | Reached XP level 4. HP: 35/35 MP: 4/4
  1611 | D:3      | XOM: cast spell 'Summon Ice Beast'
  1751 | D:3      | Found a hazy altar of Hepliaklqana.
  1808 | D:3      | Reached XP level 5. HP: 42/42 MP: 5/5
  1938 | D:3      | Found a shadowy altar of Dithmenos.
  1938 | D:3      | Found a faded altar of an unknown god.
  1943 | D:3      | Found an iron altar of Okawaru.
  1945 | D:3      | Found a snail-covered altar of Cheibriados.
  1946 | D:3      | Found a sparkling altar of Nemelex Xobeh.
  1976 | D:3      | Fell from the grace of Xom
  1976 | D:3      | Became a worshipper of Dithmenos the Shadowed
  1976 | D:3      | Reached * piety under Dithmenos
  2161 | D:4      | Reached skill level 4 in Axes
  2433 | D:4      | Noticed an ogre
  2458 | D:4      | Killed an ogre
  2458 | D:4      | Gained mutation: You have sharp fingernails. [demonic
                  | ancestry]
  2458 | D:4      | Reached XP level 6. HP: 42/48 MP: 6/6
  2525 | D:4      | Found an ancient bone altar of Kikubaaqudgha.
  2605 | D:4      | Found a shimmering altar of Xom.
  2621 | D:4      | Found a glowing golden altar of the Shining One.
  2766 | D:4      | XOM: medium Fire miscast
  3245 | D:4      | XOM: stat loss: -2 Int (12/14)
  3280 | D:5      | Entered Level 5 of the Dungeon
  3298 | D:5      | Reached ** piety under Dithmenos
  3298 | D:5      | Reached skill level 5 in Axes
  3298 | D:5      | Reached XP level 7. HP: 29/55 MP: 3/7
  3447 | D:5      | Found a staircase to the Ecumenical Temple.
  3482 | Temple   | Entered the Ecumenical Temple
  3753 | D:5      | Noticed a yak
  3755 | D:5      | Noticed a yak
  3756 | D:5      | Noticed a yak
  3756 | D:5      | Noticed a yak
  3757 | D:5      | Noticed a yak
  3761 | D:5      | Noticed a yak
  3776 | D:5      | Killed a yak
  3776 | D:5      | Reached skill level 5 in Fighting
  3776 | D:5      | Reached XP level 8. HP: 42/62 MP: 3/8
  3785 | D:5      | Reached skill level 6 in Axes
  4066 | D:5      | Noticed a shapeshifter
  4066 | D:5      | a worker ant changed into a shapeshifter
  4066 | D:5      | XOM: polymorph worker ant -> shapeshifter
  4067 | D:5      | Noticed a troll
  4067 | D:5      | a shapeshifter changed into a troll
  4075 | D:5      | Killed a troll
  4520 | D:5      | Reached skill level 7 in Axes
  4520 | D:5      | Reached skill level 5 in Armour
  4541 | D:5      | Gained mutation: You are mostly covered in thin metallic
                  | scales. (AC +3) [demonic ancestry]
  4541 | D:5      | Reached XP level 9. HP: 40/69 MP: 4/9
  4580 | D:5      | XOM: medium Tmut miscast
  4816 | D:5      | XOM: mild Fire miscast
  4948 | D:5      | XOM: summons 1 hostile demon
  5117 | D:6      | Found a glowing drain.
  5138 | D:6      | XOM: 1-stop teleportation journey
  5187 | Sewer    | Entered a sewer
  5198 | Sewer    | XOM: medium Tmut miscast
  5217 | Sewer    | Reached skill level 5 in Dodging
  5319 | Sewer    | Reached *** piety under Dithmenos
  5389 | Sewer    | XOM: mild Erth miscast
  5491 | Sewer    | XOM: mild Erth miscast
  5576 | D:6      | Found a basalt altar of Yredelemnul.
  5646 | D:6      | Found a burning altar of Makhleb.
  5770 | D:6      | Found a runed translucent gate.
  5770 | D:6      | Found a runed translucent gate.
  5770 | D:6      | Found a runed translucent gate.
  5770 | D:6      | Noticed Killmatronix's ghost (novice DsFi)
  5770 | D:6      | Noticed melvinkitnick's ghost (novice GrEE)
  5771 | D:6      | Noticed Killmatronix's ghost (novice OgHu)
  5916 | D:7      | XOM: noise
  5961 | D:7      | Got a fine shortbow
  5962 | D:7      | Identified the +9 shortbow "Teutal" {flame, +Blink rF+
                  | Str-2 SInv} (You found it on level 7 of the Dungeon)
  6015 | D:7      | Reached skill level 8 in Axes
  6279 | D:7      | Reached **** piety under Dithmenos
  6668 | D:8      | Reached XP level 10. HP: 79/79 MP: 10/10
  6673 | D:8      | XOM: noise
  6684 | D:8      | Paralysed by a hornet for 1 turns
  6686 | D:8      | Paralysed by a hornet for 1 turns
  6689 | D:8      | Paralysed by a hornet for 3 turns
  6691 | D:8      | Reached skill level 9 in Axes
  6706 | D:8      | HP: 3/79 [poisoned by a hornet]
  6712 | D:8      | HP: 3/79 [poisoned by a hornet]
  6720 | D:8      | HP: 3/79 [poisoned by a hornet]
  6916 | D:8      | XOM: mild Necr miscast
  7261 | D:8      | Found a staircase to the Lair.
  7529 | D:8      | XOM: noise
  7535 | D:8      | Found a glowing silver altar of Zin.
  7557 | D:8      | Noticed Erica
  7566 | D:8      | XOM: noise
  7567 | D:8      | Killed Erica
  7690 | D:8      | Noticed Grum
  7705 | D:8      | XOM: noise
  7713 | D:8      | Killed Grum
  8577 | D:9      | Noticed Pikel
  8611 | D:9      | Killed Pikel
  8611 | D:9      | Reached skill level 10 in Axes
  8806 | D:9      | XOM: 2-stop teleportation journey
  8819 | D:9      | Found a blossoming altar of Fedhas.
  8819 | D:9      | Found a radiant altar of Vehumet.
  8934 | D:9      | Reached ***** piety under Dithmenos
  9254 | D:9      | Noticed a two-headed ogre
  9261 | D:9      | Gained mutation: You have very sharp fingernails. [demonic
                  | ancestry]
  9261 | D:9      | Reached XP level 11. HP: 86/86 MP: 9/11
  9264 | D:9      | Killed a two-headed ogre
  9736 | D:9      | XOM: god gift: wand of scattershot (8)
  9857 | D:10     | Entered Level 10 of the Dungeon
 10044 | D:10     | XOM: confusion
 10411 | D:10     | XOM: 1-stop teleportation journey
 10412 | D:10     | Noticed Maurice
 10415 | D:10     | Noticed a tengu warrior
 10431 | D:10     | Killed a tengu warrior
 10431 | D:10     | Reached skill level 11 in Axes
 10433 | D:10     | Killed Maurice
 10532 | D:10     | Found a snail-covered altar of Cheibriados.
 10867 | D:10     | XOM: mild Necr miscast
 10875 | D:10     | Found a roughly hewn altar of Beogh.
 11196 | D:10     | Reached ****** piety under Dithmenos
 11304 | D:11     | Noticed Nergalle
 11328 | D:11     | Killed Nergalle
 11330 | D:11     | XOM: 6-stop teleportation journey
 11446 | D:11     | Noticed a five-headed hydra
 11456 | D:11     | Killed a one-headed hydra
 11593 | D:11     | Noticed an unseen horror
 11598 | D:11     | Killed an unseen horror
 11671 | D:11     | Gained mutation: You are completely covered in thin
                  | metallic scales. (AC +4, rElec) [demonic ancestry]
 11671 | D:11     | Reached XP level 12. HP: 60/96 MP: 7/12
 12078 | D:11     | XOM: give mutations
 12078 | D:11     | Gained mutation: You are weak. (Str -2) [Xom's mischief]
 12078 | D:11     | Gained mutation: Scrolls take you a little longer to read.
                  | [Xom's mischief]
 12078 | D:11     | Lost mutation: Scrolls take you a little longer to read.
                  | [Xom's mischief]
 12562 | D:12     | Noticed a centaur warrior
 12578 | D:12     | Killed a centaur warrior
 12578 | D:12     | Reached skill level 12 in Axes
 12593 | D:12     | XOM: summons friendly ufetubus
 12597 | D:12     | Killed from afar by an efreet

Vault maps used:
D:1:      dpeg_arrival_arbitrary_b, st_stairs_4
D:3:      chequers_temple_overflow_minitemple, lemuel_round_altar
D:4:      nicolae_tso_swordbearing_angel, kiku_gazebo_garden_becter,
          first_ration, xom_teletrap_fun
D:5:      minmay_temple_entry_crystal_x
D:6:      kennysheep_mini, yredelemnul_altar_generic, gammafunk_ghost_cemetery,
          cheibrodos_sewer_entry_sluice
D:8:      nicolae_overflow_hidden_temple, dpeg_oklobed_lair,
          hangedman_pestilent_swarm, chequers_avenue, uniq_erica, uniq_grum
D:9:      gammafunk_temple_overflow_statue, serial_curves, eino_curves_03,
          eino_curves_04, uniq_pikel
D:10:     special_room, basic_altar, uniq_maurice
D:11:     serial_curves, eino_curves_03, eino_curves_03, eino_curves_04,
          uniq_nergalle
D:12:     minmay_open_boxes_in_corner, orc_0_dummy,
          hangedman_cracks_in_the_wall, uniq_kirke
Temple:   cyrus_temple_forest
Sewer:    sewer_co_15_rooms

Skill      XL: |  1  2  3  4  5  6  7  8  9 10 11 12 |
---------------+-------------------------------------+-----
Dodging        | 1 2 3 4 5 7 8 |  8.5
Armour         | 2 3 4 5 6 7 8 |  8.7
Axes           | 3 4 5 7 8 10 11 12 | 12.0
Fighting       | 4 5 6 7 8 9 |  9.7

Action                   |  1- 3 |  4- 6 |  7- 9 | 10-12 || total
-------------------------+-------+-------+-------+-------++-------
Melee: Hand axe          |    89 |   112 |   332 |   632 ||  1165
 Fire: Shortbow          |       |       |       |    10 ||    10
  Use: Potion            |       |     2 |     5 |     5 ||    12
       Scroll            |       |       |    14 |     4 ||    18
 Stab: Paralysed         |     1 |     5 |       |       ||     6
       Sleeping          |       |       |     1 |       ||     1
       Distracted        |       |       |       |     1 ||     1
  Eat: Chunk             |     2 |     5 |    12 |    20 ||    39
Armor: Leather armour    |    26 |    24 |    72 |    61 ||   183
       Plate armour      |       |       |       |   197 ||   197
Dodge: Dodged            |    52 |    53 |   227 |   366 ||   698

Table legend:
 A = Non-vault XP
 B = Vault XP
 C = Vault XP percentage of total XP
 D = Non-vault monster count
 E = Vault monster count
 F = Vault count percentage of total count
                 A         B        C        D         E       F
            +---------+---------+-------+---------+---------+-------
      Total |   20596 |    5867 |  22.2 |     304 |      69 |  18.5
            +---------+---------+-------+---------+---------+-------
        D:1 |      29 |       5 |  14.7 |      17 |       3 |  15.0
        D:2 |      40 |       0 |   0.0 |      16 |       0 |   0.0
        D:3 |     132 |       0 |   0.0 |      23 |       0 |   0.0
        D:4 |     485 |       0 |   0.0 |      21 |       0 |   0.0
        D:5 |    2227 |       0 |   0.0 |      24 |       0 |   0.0
        D:6 |     501 |      11 |   2.1 |      12 |       3 |  20.0
        D:7 |    1267 |       0 |   0.0 |      34 |       0 |   0.0
        D:8 |    1253 |    2466 |  66.3 |      24 |      10 |  29.4
        D:9 |    3464 |     673 |  16.3 |      41 |       1 |   2.4
       D:10 |    4610 |     876 |  16.0 |      43 |      27 |  38.6
       D:11 |    5560 |     776 |  12.2 |      45 |       1 |   2.2
       D:12 |    1028 |     931 |  47.5 |       4 |       3 |  42.9
      Sewer |       0 |     129 | 100.0 |       0 |      21 | 100.0
            +---------+---------+-------+---------+---------+-------
